[Event "*** SCC Grand Prix: Titled Tuesday Blitz"]
[Site "Chess.com"]
[Date "2020.10.13"]
[Round "4"]
[White "youngKID"]
[Black "Parhamov"]
[Result "0-1"]
[WhiteElo "2812"]
[BlackElo "2962"]
[TimeControl "180+1"]
[EndTime "10:38:57 PDT"]
[Termination "Parhamov won by resignation"]

1. e4 c5 2. Nf3 Nc6 3. d4 cxd4 4. Nxd4 e5 5. Nb5 d6 6. N1c3 a6 7. Na3 Be6 8. Nc4 Rb8 9. Ne3 Nf6 10. g3 h5 11. h4 g6 12. Bh3 Bxh3 13. Rxh3 Nd4 14. Rh1 Rc8 15. Kf1 Bh6 16. Qd3 b5 17. Kg2 O-O 18.
Ned5 Bxc1 19. Raxc1 Nxd5 20. Nxd5 f5 21. c3 Ne6 22.
exf5 gxf5 23. Rcd1 Qe8 24. Ne3 f4 25. Nf5 Qc6+ 26.
Kh2 Rc7 27. gxf4 Kh8 28. Rhg1 Nxf4 29. Qxd6 Rxf5 30. Qd8+ Kh7 31. Rd6 Qc4 32. Qe8 Qf7 33.
Qd8 Ne6 34. Rxe6 Rxf2+ 35. Kh1 Qf3+ 0-1

[Event "*** SCC Grand Prix: Titled Tuesday Blitz"]
[Site "Chess.com"]
[Date "2020.10.13"]
[Round "4"]
[White "Rodalquilar"]
[Black "zurzan"]
[Result "1-0"]
[WhiteElo "2755"]
[BlackElo "1997"]
[TimeControl "180+1"]
[EndTime "10:38:58 PDT"]
[Termination "Rodalquilar won by resignation"]

1. d4 d6 2. e4 Nf6 3. Nc3 g6 4. Nf3 Bg7 5. Be2 O-O 6. O-O c6 7. Bf4 Qc7 8. h3 Nh5 9. Be3 e5 10. Qd2 exd4 11. Bxd4 Nf6 12. Rad1 Be6 13. Ng5 d5 14.
exd5 cxd5 15. Nb5 Qd7 16. Qc3 Na6 17. Bxf6 Bxf6 18. Qxf6 Nc5 19. c4 a6 20. cxd5 Bxd5 21.
Nc3 Qc6 22. Nxd5 Qxf6 23. Nxf6+ Kg7 24. Nfe4 Nxe4 25. Nxe4 Rfe8 26. Bf3 f5 27. Rd7+ Kh6 28. Nf6 Rh8 29. h4 Raf8 30. Nd5 b5 31. Re1 a5 32. Ree7 b4 33. Nf4 a4 34. Ne6 Re8 35. Rxe8 Rxe8 36. Ng5 Rh8 37. Nf7+ 1-0

[Event "*** SCC Grand Prix: Titled Tuesday Blitz"]
[Site "Chess.com"]
[Date "2020.10.13"]
[Round "4"]
[White "VerdeNotte"]
[Black "Iskusnyh"]
[Result "1-0"]
[WhiteElo "2828"]
[BlackElo "2569"]
[TimeControl "180+1"]
[EndTime "10:38:59 PDT"]
[Termination "VerdeNotte won on time"]

1. e4 e6 2. d4 d5 3. e5 c5 4. c3 Nc6 5. Nf3 Qb6 6. Bd3 cxd4 7. O-O Bd7 8. Re1 Nge7 9. h4 Nf5 10. Bxf5 exf5 11. cxd4 Be6 12. Nc3 h6 13. a3 Be7 14.
b4 Rc8 15. Na4 Qb5 16. Bd2 b6 17. Rc1 O-O 18. Nc3 Qd3 19. Re3 Qc4 20. Be1 Nb8 21.
h5 f4 22. Ne2 fxe3 23. Rxc4 exf2+ 24. Bxf2 Rxc4 25. Nf4 Rfc8 26. Kh2 Rc1 27. Qd3 R1c3 28. Qb5 Bf8 29. Nh4 R3c6 30. Nxe6 fxe6 31. Ng6 Nd7 32. Qa6 Rc2 33. Qxa7 R2c7 34. Qa4 Kf7 35. Bh4 Kg8 36.
Qd1 Rc2 37. Qg4 Kf7 38. Nf4 R8c6 39. Nxe6 1-0

[Event "*** SCC Grand Prix: Titled Tuesday Blitz"]
[Site "Chess.com"]
[Date "2020.10.13"]
[Round "4"]
[White "nrvisakh"]
[Black "BillieKimbah"]
[Result "0-1"]
[WhiteElo "2807"]
[BlackElo "2941"]
[TimeControl "180+1"]
[EndTime "10:39:00 PDT"]
[Termination "BillieKimbah won by resignation"]

1. e4 e5 2. Nf3 d6 3. d4 exd4 4. Nxd4 Nf6 5. Nc3 Be7 6. Be2 O-O 7. O-O Re8 8. Re1 Bf8 9. Bf1 c6 10. a4 a5 11. Bg5 Nbd7 12. h3 h6 13. Bh4 Ne5 14.
Nb3 Bd7 15. f4 Ng6 16. Bg3 Qb6+ 17. Kh2 Qb4 18. e5 Nd5 19. Nxd5 cxd5 20. Qf3 Bxa4 21. Red1 Bc6 22. Nd4 dxe5 23. fxe5 Nxe5 24. Qf2 Nc4 25. b3 Ne3 26. Rd3 Qe7 27. Re1 Nxf1+ 28. Rxf1 Qd7 29. Rf3 f6 30. Nf5 Re6 31. Rf4 Re4 32. Qf3 Rae8 33. Qg4 Kh7 34. Qf3 d4 35. Qf2 Re2 0-1

[Event "*** SCC Grand Prix: Titled Tuesday Blitz"]
[Site "Chess.com"]
[Date "2020.10.13"]
[Round "4"]
[White "Smirnov_Pavel"]
[Black "FairChess_on_YouTube"]
[Result "1/2-1/2"]
[WhiteElo "2839"]
[BlackElo "2997"]
[TimeControl "180+1"]
[EndTime "10:39:01 PDT"]
[Termination "Game drawn by repetition"]

1. d4 Nf6 2. c4 e6 3. Nf3 a6 4. Nc3 d5 5. e3 b6 6. Bd3 Bb7 7. O-O Nbd7 8. cxd5 exd5 9. Qc2 Be7 10. e4 dxe4 11.
Nxe4 O-O 12. Ne5 Nxe4 13. Bxe4 Bxe4 14. Qxe4 Nf6 15. Qf3 Qd5 16. Bg5 Qxf3 17. Nxf3 Nd5 18. Bxe7 Nxe7 19. Rac1 Nd5 20. Rfe1 Rad8 21. g3 f6 22. a3 Kf7 23. Kg2 Rfe8 24. Kf1 g5 25. h3 h5 26. Rxe8 Rxe8 27. Nd2 h4 28. gxh4 gxh4 29. Nf3 Re4 30. a4 a5 31. Rc2 Rf4 32.
Ke2 Ke6 33. Rc1 Kd6 34. Rg1 Re4+ 35. Kd3 Rf4 36. Ke2 Ne7 37. Ke3 Nd5+ 38. Ke2 1/2-1/2

[Event "*** SCC Grand Prix: Titled Tuesday Blitz"]
[Site "Chess.com"]
[Date "2020.10.13"]
[Round "4"]
[White "MF1966Idrisov"]
[Black "Alexandercs432"]
[Result "1-0"]
[WhiteElo "2344"]
[BlackElo "2166"]
[TimeControl "180+1"]
[EndTime "10:39:01 PDT"]
[Termination "MF1966Idrisov won on time"]

1. Nf3 d5 2. b3 Nf6 3. Bb2 e6 4. e3 Bd6 5. d4 O-O 6. Bd3 c5 7. Nbd2 Nc6 8. a3 Re8 9. Ne5 cxd4 10. exd4 Qc7 11. f4 a6 12. O-O b5 13. Qf3 Bb7 14.
Qh3 Ne7 15. Rae1 Rac8 16. Nxf7 Kxf7 17. Qxe6+ Kf8 18. Nf3 Bxf4 19. Ne5 Ng6 20. Qf5 Bd2 21. Re2 Bh6 22. g4 Nh4 23. Qf2 Bg5 24. Bc1 h6 25.
Bf4 Kg8 26. Bg3 Qd8 27. Bxh4 Bxh4 28. Qxh4 Ne4 29. Qxd8 Rcxd8 30. Kg2 Ng5 31. h3 Rf8 32. Ref2 Rfe8 33. Bf5 Ne4 34. Bg6 Nd6 35. Bf7+ 1-0

[Event "*** SCC Grand Prix: Titled Tuesday Blitz"]
[Site "Chess.com"]
[Date "2020.10.13"]
[Round "4"]
[White "norwaytoadog"]
[Black "smshk35"]
[Result "0-1"]
[WhiteElo "2313"]
[BlackElo "2472"]
[TimeControl "180+1"]
[EndTime "10:39:02 PDT"]
[Termination "smshk35 won by checkmate"]

1. e4 e6 2. d4 c5 3. Nf3 cxd4 4. Nxd4 a6 5. c4 Nf6 6. Nc3 Bb4 7. Qd3 Nc6 8. Nxc6 dxc6 9. Qg3 Nxe4 10. Qxg7 Qf6 11. Qxf6 Nxf6 12. Bf4 Ne4 13. Rc1 Nxc3 14. bxc3 Ba3 15. Rb1 f6 16. Bd3 e5 17. Be3 f5 18. f3 b5 19. O-O Be6 20. c5 O-O-O 21. Bc2 f4 22. Bf2 Rd2 23. Bb3 Bxb3 24. axb3 Rg8 25. g4 fxg3 26. hxg3 Bb2 27. Be1 Rc2 28. g4 Bxc3 29. Bxc3 Rxc3 30. b4 h5 31. Rfe1 hxg4 32.
fxg4 Rxg4+ 33. Kf2 e4 34. Rbd1 Rf3+ 35. Ke2 Rg2# 0-1

[Event "*** SCC Grand Prix: Titled Tuesday Blitz"]
[Site "Chess.com"]
[Date "2020.10.13"]
[Round "4"]
[White "BJthechessgod"]
[Black "maxip32"]
[Result "0-1"]
[WhiteElo "2254"]
[BlackElo "2422"]
[TimeControl "180+1"]
[EndTime "10:39:02 PDT"]
[Termination "maxip32 won by checkmate"]

1. e4 c5 2. Nf3 d6 3. d4 cxd4 4.
Nxd4 Nf6 5. Nc3 a6 6. Bc4 e6 7. Bb3 b5 8. O-O Be7 9. f4 O-O 10. a3 Qc7 11. Be3 Nc6 12. f5 e5 13. Nxc6 Qxc6 14.
Bd5 Nxd5 15. Nxd5 Bd8 16. c3 Bb7 17. Qg4 f6 18. Rad1 Qc4 19. Rf3 Rb8 20. Rg3 Rf7 21. Bh6 Bxd5 22. Bxg7 Qxe4 23. Bxf6+ Qxg4 24. Rxg4+ Kf8 25. Bxd8 Rxd8 26. Rxd5 Rxf5 27. a4 Ke7 28. axb5 axb5 29. Rxb5 d5 30. Rb7+ Ke6 31. Rxh7 d4 32.
Rg6+ Kd5 33. cxd4 exd4 34. Rg3 Re8 35. h4 Re1+ 36. Kh2 Rff1 37. Rd7+ Kc4 38. Rg4 Rh1+ 39. Kg3 Re3+ 40. Kf2 Rd3 41. Ke2 Re3+ 42. Kd2 Rd3+ 43. Kc2 Rhd1 44. b3+ Kc5 45. Kb2 R3d2+ 46. Ka3 Ra1# 0-1

[Event "*** SCC Grand Prix: Titled Tuesday Blitz"]
[Site "Chess.com"]
[Date "2020.10.13"]
[Round "4"]
[White "Roza_Idrisova"]
[Black "ApacheSVD"]
[Result "0-1"]
[WhiteElo "2165"]
[BlackElo "2396"]
[TimeControl "180+1"]
[EndTime "10:39:02 PDT"]
[Termination "ApacheSVD won on time"]

1. d4 Nf6 2. Nf3 c5 3. d5 b5 4.
c4 g6 5. b3 Bg7 6. Bb2 O-O 7.
Nbd2 d6 8. Qc2 b4 9. a4 a5 10. e4 e5 11. dxe6 Bxe6 12. Be2 Nc6 13. O-O Re8 14. Rfe1 Qc7 15. Rad1 Rad8 16. h3 h5 17. Nf1 Ne5 18. Ne3 Nfd7 19. Ng5 Nf8 20. f4 Nc6 21. Bxg7 Kxg7 22. Qb2+ Nd4 23. Nc2 f6 24. Nxd4 cxd4 25. Qxd4 Nd7 26. Nxe6+ Rxe6 27. f5 Re7 28. fxg6 Nc5 29.
Bxh5 Nxb3 30. Qd5 Nc5 31. Rd2 b3 32. Re3 Qb6 33. Rb2 Qa7 34. Kh2 Rdd7 35. Bg4 Re5 0-1

[Event "*** SCC Grand Prix: Titled Tuesday Blitz"]
[Site "Chess.com"]
[Date "2020.10.13"]
[Round "4"]
[White "PLAYER_2006_M"]
[Black "semchik73"]
[Result "0-1"]
[WhiteElo "2514"]
[BlackElo "2359"]
[TimeControl "180+1"]
[EndTime "10:39:03 PDT"]
[Termination "semchik73 won by resignation"]

1. d4 d5 2. Nc3 Nf6 3. Bf4 c6 4. e3 g6 5. h4 Bg7 6. h5 Bf5 7. h6 Bf8 8. Bd3 Bxd3 9. cxd3 Nh5 10. Rxh5 gxh5 11. Qxh5 Nd7 12. Nf3 Nf6 13. Qh4 Qd7 14. Ne5 Qf5 15. g4 Qe6 16. O-O-O O-O-O 17. Kb1 Rg8 18. f3 Nd7 19. Qh5 Nxe5 20. dxe5 Qg6 21. Qxg6 Rxg6 22. g5 f6 23. gxf6 exf6 24. exf6 Bxh6 25.
Be5 Bg5 26. f7 Rf8 27. f4 Bf6 28. f5 Rh6 29. Bf4 Rh5 30. e4 Bxc3 31. bxc3 Rxf7 32. Rg1 Rh4 33. Rf1 h5 34. Kc2 Rg4 35. Kd2 h4 36.
Ke3 h3 37. Rh1 Rh7 38. Kf3 Rg2 39. f6 dxe4+ 40. Kxe4 Kd7 41. Kf5 Rh5+ 42. Ke4 Ke6 43. Kf3 Rxa2 0-1

[Event "*** SCC Grand Prix: Titled Tuesday Blitz"]
[Site "Chess.com"]
[Date "2020.10.13"]
[Round "4"]
[White "Susal_De_Silva"]
[Black "AurumO"]
[Result "1-0"]
[WhiteElo "2449"]
[BlackElo "1927"]
[TimeControl "180+1"]
[EndTime "10:39:04 PDT"]
[Termination "Susal_De_Silva won on time"]

1. e4 c5 2. Nf3 Nc6 3. Bb5 g6 4. Bxc6 bxc6 5. O-O Bg7 6. Re1 e6 7. c3 Ne7 8. d4 cxd4 9. cxd4 d5 10. Nc3 O-O 11. e5 Qc7 12. Na4 Bd7 13. Nc5 Nc8 14.
b3 Nb6 15. a4 Bc8 16. Ba3 Re8 17. Qd2 Nd7 18. Nd3 Ba6 19. Bd6 Qb7 20. Rab1 Bxd3 21. Qxd3 a5 22. h4 h5 23. Ng5 Nb6 24. Qf3 Nc8 25. Bc5 Bf8 26. g4 Bxc5 27. dxc5 hxg4 28.
Qxg4 Qe7 29. h5 Qf8 30. hxg6 fxg6 31. Nxe6 Qf7 32. Ng5 Qg7 33. e6 Ne7 34. Kg2 Nf5 35. Rh1 Re7 36. Rh7 Qf6 37. Rbh1 Rxh7 38. Rxh7 Re8 39.
Rf7 Qe5 40. Qh3 1-0

[Event "*** SCC Grand Prix: Titled Tuesday Blitz"]
[Site "Chess.com"]
[Date "2020.10.13"]
[Round "4"]
[White "IwkooO"]
[Black "Mikedannnn"]
[Result "1-0"]
[WhiteElo "2654"]
[BlackElo "2500"]
[TimeControl "180+1"]
[EndTime "10:39:05 PDT"]
[Termination "IwkooO won by resignation"]

1. e4 c5 2. Nf3 e6 3. d4 cxd4 4.
Nxd4 Nc6 5. Nc3 Qc7 6. Be2 a6 7. O-O Nf6 8. Be3 Be7 9. f4 d6 10. Qe1 O-O 11. Qg3 Nxd4 12. Bxd4 d5 13. exd5 Bc5 14.
Qe3 Bxd4 15. Qxd4 exd5 16. Bf3 Rd8 17. Nxd5 Nxd5 18. Bxd5 Be6 19. c4 Bxd5 20. cxd5 Rd6 21. Rad1 Rad8 22. Rfe1 Qd7 23. Rd2 h5 24. Red1 h4 25.
h3 Qf5 26. Qe5 Qg6 27. Qe7 Qf5 28. Qxh4 Rxd5 29. Qxd8+ Rxd8 30. Rxd8+ Kh7 31. R8d4 Qe6 32. Kh2 Qxa2 33. R1d2 Qe6 34. R2d3 b5 35. Rd5 Qe4 36. Rh5+ Kg6 37. Rg5+ Kh6 38. Rf3 f6 39. Rg4 Kh7 40.
f5 Qe5+ 41. Rfg3 Qxf5 42. Rxg7+ Kh6 43. Rg8 Kh7 44. R8g4 Kh6 45. Rh4+ 1-0

[Event "*** SCC Grand Prix: Titled Tuesday Blitz"]
[Site "Chess.com"]
[Date "2020.10.13"]
[Round "4"]
[White "Shota_Azaladze"]
[Black "BigAl"]
[Result "0-1"]
[WhiteElo "2632"]
[BlackElo "2515"]
[TimeControl "180+1"]
[EndTime "10:39:05 PDT"]
[Termination "BigAl won by resignation"]

1. Nf3 Nf6 2. b3 g6 3. Bb2 Bg7 4. g3 O-O 5. Bg2 d6 6. d4 c5 7. c4 d5 8. dxc5 dxc4 9. Nbd2 cxb3 10. Nxb3 Nc6 11. Ne5 Qc7 12. Nxc6 bxc6 13. O-O Rb8 14. Bc3 Rd8 15. Ba5 Rxd1 16. Bxc7 Rxa1 17. Rxa1 Rb7 18. Be5 Nd5 19. Bxg7 Kxg7 20. Na5 Rb5 21. Nxc6 Rxc5 22. Bxd5 Rxd5 23. Nxe7 Rc5 24. Nxc8 Rxc8 25. Kg2 Rc3 26. a4 h5 27. a5 Kf6 28. h3 Rb3 29.
Ra4 Rc3 30. e3 Rb3 31. Kf3 Rb5 32. g4 h4 33. a6 g5 34. Ke4 Rb2 35. f4 Rh2 36.
Rc4 Rxh3 37. Rc6+ Kg7 38. Rc7 gxf4 39. exf4 Rg3 40. Rxa7 h3 41. Rb7 h2 42. Rb1 Rg1 0-1

[Event "*** SCC Grand Prix: Titled Tuesday Blitz"]
[Site "Chess.com"]
[Date "2020.10.13"]
[Round "4"]
[White "CrazyMartian"]
[Black "salomez"]
[Result "1-0"]
[WhiteElo "2287"]
[BlackElo "2154"]
[TimeControl "180+1"]
[EndTime "10:39:05 PDT"]
[Termination "CrazyMartian won on time"]

1. d4 Nf6 2. c4 g6 3. Nc3 d5 4.
cxd5 Nxd5 5. e4 Nxc3 6. bxc3 Bg7 7. Be3 c5 8. Rc1 Qa5 9. Qd2 O-O 10. Nf3 cxd4 11. cxd4 Qxd2+ 12. Nxd2 f5 13. f3 Nc6 14. Nb3 a5 15. d5 Ne5 16. Be2 fxe4 17. fxe4 e6 18. Rc7 exd5 19. exd5 Rd8 20. O-O Rxd5 21. Bd4 Bf5 22. Bc4 Nxc4 23. Rxg7+ Kf8 24. Rxh7 Rad8 25.
g4 Rxd4 26. Nxd4 1-0

[Event "*** SCC Grand Prix: Titled Tuesday Blitz"]
[Site "Chess.com"]
[Date "2020.10.13"]
[Round "4"]
[White "rasmussvane"]
[Black "iwanyu"]
[Result "0-1"]
[WhiteElo "2899"]
[BlackElo "2812"]
[TimeControl "180+1"]
[EndTime "10:39:09 PDT"]
[Termination "iwanyu won by checkmate"]

1. Nf3 d5 2. g3 Bg4 3. Bg2 Nd7 4. h3 Bh5 5. O-O Ngf6 6. d4 e6 7. c4 Bxf3 8. Bxf3 c6 9. Nd2 g6 10. b3 Bg7 11. Ba3 Bf8 12. Bxf8 Kxf8 13. Qc2 Kg7 14. e3 a5 15. a3 Ne8 16. Rfc1 Ndf6 17. Rab1 Nd6 18.
b4 axb4 19. axb4 h5 20. h4 g5 21. hxg5 Ng4 22. Be2 Qxg5 23. Nf3 Qf6 24. c5 Ne4 25.
Kg2 Nexf2 26. Rb3 Ne4 27. Rf1 Qh6 28. Ne5 Nxe3+ 29. Rxe3 Qxe3 30. Rxf7+ Kg8 31. Bf3 h4 32. Rf4 Ra1 33. Rg4+ Kf8 34. Rf4+ Ke8 35. Rxh4 Qg1+ 36. Kh3 Qxg3# 0-1

[Event "*** SCC Grand Prix: Titled Tuesday Blitz"]
[Site "Chess.com"]
[Date "2020.10.13"]
[Round "4"]
[White "banane_verte"]
[Black "Samantha_Ross"]
[Result "1-0"]
[WhiteElo "2435"]
[BlackElo "2269"]
[TimeControl "180+1"]
[EndTime "10:39:11 PDT"]
[Termination "banane_verte won on time"]

1. e4 d6 2. d4 Nf6 3. Nc3 e5 4. Nf3 Nbd7 5. Bc4 Be7 6. dxe5 Nxe5 7. Be2 O-O 8. O-O Bg4 9. Bf4 Bxf3 10.
Bxf3 Nxf3+ 11. Qxf3 Nd7 12. Rad1 Bg5 13. Nd5 Bxf4 14.
Qxf4 Nb6 15. Nxb6 axb6 16. a3 Qe8 17. Rfe1 Qc6 18. Rd2 f6 19. f3 Qc5+ 20. Qe3 Qxe3+ 21. Rxe3 Rfe8 22. Rc3 Re7 23. Kf2 Ra5 24. Rd4 Rc5 25.
Rxc5 bxc5 26. Ra4 Kf8 27. Ra7 b6 28. a4 Ke8 29. a5 bxa5 30. Rxa5 Kd7 31. Ra8 Kc6 32. Rb8 h6 33. h4 Kd7 34. h5 Kc6 35. g4 Rd7 36. Rg8 Re7 37. Kg3 c4 38. Kf4 d5 39.
exd5+ Kxd5 40. Kf5 c3 41. bxc3 Re5+ 42. Kg6 Rg5+ 43. Kf7 f5 44. Rxg7 Rxg7+ 45. Kxg7 fxg4 46.
fxg4 Ke5 47. Kxh6 Kf6 48. g5+ 1-0

[Event "*** SCC Grand Prix: Titled Tuesday Blitz"]
[Site "Chess.com"]
[Date "2020.10.13"]
[Round "4"]
[White "temus_galaktionov"]
[Black "Gabix_94"]
[Result "1-0"]
[WhiteElo "2645"]
[BlackElo "2779"]
[TimeControl "180+1"]
[EndTime "10:39:12 PDT"]
[Termination "temus_galaktionov won by resignation"]

1. d4 Nf6 2. Nf3 c5 3. d5 g6 4. c4 Bg7 5. Nc3 d6 6. h3 O-O 7. e4 e6 8. Bd3 Na6 9. O-O e5 10. a3 Ne8 11. g4 Nac7 12. Be3 b6 13. Kh2 Kh8 14. Rg1 f6 15. b4 Qe7 16. Rg3 f5 17.
gxf5 gxf5 18. exf5 e4 19. Nxe4 Bxf5 20. Bg5 Qd7 21. Rb1 cxb4 22. axb4 b5 23. Qe2 bxc4 24. Bxc4 Bg6 25. Nh4 Bxe4 26. Qxe4 Rxf2+ 27. Kh1 Nf6 28.
Qe3 Rc2 29. Bd3 Ncxd5 30. Qf3 Rcc8 31. Rbg1 Rf8 32. Nf5 Rae8 33. Bc1 Rf7 34. Rxg7 Rxg7 35. Rxg7 Re1+ 36. Kh2 Qe6 37. Bb2 Rd1 38. Qxd1 1-0

[Event "*** SCC Grand Prix: Titled Tuesday Blitz"]
[Site "Chess.com"]
[Date "2020.10.13"]
[Round "4"]
[White "Msb2"]
[Black "AliKa2810"]
[Result "1-0"]
[WhiteElo "2931"]
[BlackElo "2591"]
[TimeControl "180+1"]
[EndTime "10:39:12 PDT"]
[Termination "Msb2 won by resignation"]

1. d4 Nf6 2. c4 g6 3. Nc3 Bg7 4. e4 d6 5. Be2 O-O 6. Be3 e5 7.
d5 Na6 8. h4 Nc5 9. Qc2 a5 10. h5 c6 11. h6 Bh8 12. Rd1 cxd5 13. cxd5 Ne8 14. Nf3 b6 15. Bb5 f5 16. Bc6 Ra7 17. Nb5 fxe4 18. Ng5 Nd3+ 19. Kf1 Nxf2 20. Bxf2 Qxg5 21. Nxa7 Ba6+ 22. Kg1 e3 23. Bh4 Qg4 24.
Bb5 Bxb5 25. Nxb5 e2 26. Re1 Bf6 27. Qxe2 Qb4 28. Bxf6 Nxf6 29. Rh3 Ng4 30. Rc1 Rf2 31. Rc8+ Kf7 32. Rf3+ 1-0

[Event "*** SCC Grand Prix: Titled Tuesday Blitz"]
[Site "Chess.com"]
[Date "2020.10.13"]
[Round "4"]
[White "chess94cu"]
[Black "AlexTriapishko"]
[Result "0-1"]
[WhiteElo "2564"]
[BlackElo "2795"]
[TimeControl "180+1"]
[EndTime "10:39:12 PDT"]
[Termination "AlexTriapishko won by resignation"]

1. d4 Nf6 2. c4 g6 3. Nc3 d5 4.
cxd5 Nxd5 5. e4 Nxc3 6. bxc3 Bg7 7. Nf3 c5 8. Rb1 O-O 9. Be2 cxd4 10. cxd4 Qa5+ 11.
Bd2 Qxa2 12. O-O Bg4 13. Be3 Nc6 14. d5 Na5 15. h3 Bxf3 16. Bxf3 b6 17. Bg5 Qa3 18.
Qe2 Qd6 19. Rfe1 Be5 20. g3 Rac8 21. Bg2 Rc3 22. Rbc1 Rfc8 23. Rxc3 Rxc3 24. Bd2 Rc2 25. Qd3 Qc5 26. Be3 Qc3 27. Qxc3 Bxc3 28. Rc1 Rxc1+ 29. Bxc1 Nb3 30. Be3 Bd4 31. Bg5 f6 32. Bf4 Nc5 33. Kf1 Nd3 34. Bb8 a5 35. f4 a4 36. d6 exd6 37. Bxd6 Bc5 38. e5 Bxd6 39.
exd6 Kf8 40. Ke2 a3 41. Bd5 Nb4 42. Bb3 a2 43. Bxa2 Nxa2 44. Kd3 Ke8 0-1

[Event "*** SCC Grand Prix: Titled Tuesday Blitz"]
[Site "Chess.com"]
[Date "2020.10.13"]
[Round "4"]
[White "ferdipy"]
[Black "Sadykov_Ramil"]
[Result "1/2-1/2"]
[WhiteElo "2328"]
[BlackElo "2544"]
[TimeControl "180+1"]
[EndTime "10:39:12 PDT"]
[Termination "Game drawn by agreement"]

1. e4 c5 2. d4 cxd4 3. c3 Nf6 4. e5 Nd5 5. cxd4 e6 6. Nf3 d6 7. a3 Nc6 8. Bd3 dxe5 9. dxe5 Be7 10. O-O O-O 11. Bd2 Qb6 12. b4 Rd8 13. Qe2 Nd4 14.
Nxd4 Qxd4 15. Ra2 Nf4 16. Bxf4 Qxd3 17. Qxd3 Rxd3 18. Rd2 Rxd2 19. Nxd2 Bd7 20. Rc1 Bc6 21. Be3 Rd8 22. Nb3 a6 23. h3 Rd5 24. f4 Bd8 25. Nc5 Bb6 26. Kf2 g5 27. g3 h6 28.
Ne4 Bxe3+ 29. Kxe3 gxf4+ 30. gxf4 Kf8 31. Nf6 Rd8 32.
Rg1 Ke7 33. Ng8+ Kd7 34. Nxh6 Rh8 35. Nxf7 Rxh3+ 36. Kd4 Rxa3 37. Rg7 Ra1 38. Nd6+ Kd8 39. Nxb7+ Bxb7 40. Rxb7 a5 41. b5 a4 42. b6 a3 43.
Ra7 Kc8 44. Kc3 a2 45. Kb2 Rb1+ 46. Kxa2 Rxb6 47. Re7 Kd8 48. Ra7 Rb4 49. Rf7 Ke8 50. Rf6 Ke7 51. Ka3 Rb1 52. Ka2 Rb4 53. Ka3 Rb1 1/2-1/2

[Event "*** SCC Grand Prix: Titled Tuesday Blitz"]
[Site "Chess.com"]
[Date "2020.10.13"]
[Round "4"]
[White "AttilaTurzo"]
[Black "CzechmVIII"]
[Result "1-0"]
[WhiteElo "2392"]
[BlackElo "2163"]
[TimeControl "180+1"]
[EndTime "10:39:12 PDT"]
[Termination "AttilaTurzo won on time"]

1. d4 Nf6 2. Nf3 c5 3. d5 b5 4. Bg5 g6 5. Bxf6 exf6 6. e4 b4 7. Nbd2 Bg7 8. Nc4 d6 9. Bd3 O-O 10. O-O Bb7 11. Be2 Re8 12. Qd3 Ba6 13. a3 Nd7 14.
axb4 Bxc4 15. Qxc4 cxb4 16. Qxb4 Nc5 17. Bd3 Rb8 18. Qc4 Rxb2 19. Rxa7 Qb6 20. Ra2 Rb4 21. Qc3 f5 22. e5 Bxe5 23. Qd2 Bg7 24. h3 Rb1 25.
Kh2 Rxf1 26. Bxf1 Ne4 27. Qe3 Qxe3 28. fxe3 Nc3 29. Ra7 h6 30. Nd4 Rxe3 31. Nc6 Re1 32. Bc4 Bd4 33. Nxd4 1-0

[Event "*** SCC Grand Prix: Titled Tuesday Blitz"]
[Site "Chess.com"]
[Date "2020.10.13"]
[Round "4"]
[White "Region_07"]
[Black "aisha_zakirova"]
[Result "1-0"]
[WhiteElo "2340"]
[BlackElo "2159"]
[TimeControl "180+1"]
[EndTime "10:39:12 PDT"]
[Termination "Region_07 won by resignation"]

1. d4 Nf6 2. Bg5 Ne4 3. h4 Nxg5 4. hxg5 e5 5. g6 fxg6 6. dxe5 d6 7. Nf3 Nc6 8. Nc3 Bg4 9. e3 Nxe5 10. Be2 Nxf3+ 11.
Bxf3 Bxf3 12. Qxf3 c6 13. O-O-O Qf6 14. Qg4 Be7 15.
Ne4 Qe5 16. Rxh7 Rxh7 17. Qxg6+ Kd7 18. Qxh7 d5 19. Nc3 Bb4 20. Ne2 Rf8 21. Nf4 Qf6 22. Rxd5+ cxd5 23. Nxd5 Qxf2 24. c3 Qe1+ 25. Kc2 Rf2+ 26.
Kb3 Qd1+ 27. Kc4 Qxd5+ 28. Kxd5 Rd2+ 29. Kc4 Rxb2 30. cxb4 Rxg2 31. Qh3+ 1-0

[Event "*** SCC Grand Prix: Titled Tuesday Blitz"]
[Site "Chess.com"]
[Date "2020.10.13"]
[Round "4"]
[White "Piotrek1979"]
[Black "CheckThis4"]
[Result "0-1"]
[WhiteElo "2429"]
[BlackElo "2613"]
[TimeControl "180+1"]
[EndTime "10:39:13 PDT"]
[Termination "CheckThis4 won by resignation"]

1. Nf3 d5 2. c4 d4 3. g3 Nc6 4. Bg2 e5 5. d3 Bb4+ 6. Bd2 a5 7. O-O Nge7 8. Na3 O-O 9. Nb5 Bg4 10. a3 Bxd2 11.
Nxd2 Qd7 12. Re1 Rac8 13. Qa4 Bh3 14. Bh1 Ng6 15. Ne4 Rce8 16. b4 f5 17. Ng5 f4 18.
Nxc7 Qxc7 19. Nxh3 h6 20. Qb5 Qc8 21. Bg2 Kh8 22.
bxa5 e4 23. dxe4 d3 24. e3 d2 25. Rf1 f3 26. Nf4 Nxf4 27. exf4 fxg2 28. Kxg2 Rxe4 29. Rad1 Rd8 30. f3 Re2+ 31. Rf2 Rxf2+ 32. Kxf2 Qe6 33.
f5 Qd6 34. Qb2 Ne5 35. Kg2 Nxc4 36. Qc3 Qd4 37. Qxd4 Rxd4 38. Kf2 Nb2 39. f6 gxf6 0-1

[Event "*** SCC Grand Prix: Titled Tuesday Blitz"]
[Site "Chess.com"]
[Date "2020.10.13"]
[Round "4"]
[White "KatarinaOstojic"]
[Black "kintoho"]
[Result "0-1"]
[WhiteElo "2332"]
[BlackElo "2505"]
[TimeControl "180+1"]
[EndTime "10:39:14 PDT"]
[Termination "kintoho won by resignation"]

1. d4 g6 2. e4 Bg7 3. Nc3 c6 4. f4 d5 5. e5 Qb6 6. Nf3 Bg4 7. Be2 Nh6 8. O-O Nf5 9. Na4 Qa5 10.
c3 O-O 11. h3 Bxf3 12. Bxf3 e6 13. Bd2 Nd7 14. b4 Qd8 15. Nb2 f6 16. Qe1 fxe5 17. fxe5 Bh6 18. Bxh6 Nxh6 19. Nd3 Qg5 20. h4 Qe7 21. h5 Qg5 22. hxg6 hxg6 23. Qc1 Qh4 24. Be2 Rxf1+ 25. Qxf1 Rf8 26. Qe1 Qg5 27. Kh2 Kg7 28.
Qg3 Qd2 29. Qe1 Qe3 30. Bf1 Qg5 31. Qg3 Ng4+ 32. Kg1 Qe3+ 33. Qxe3 Nxe3 34. Be2 a5 35. Rb1 axb4 36. Rxb4 b6 37. Ra4 Rf7 38. Ra7 Nxe5 39.
Rxf7+ Nxf7 40. Nb4 c5 41. dxc5 bxc5 42. Na6 c4 43.
Nc7 Kf6 44. a4 Nd8 45. a5 Nc6 46. a6 Na7 47. Kf2 Nf5 48. Bd1 Nd6 49. Ba4 Ne4+ 50.
Ke3 Nxc3 51. Bd7 e5 52. Be8 d4+ 53. Kd2 e4 54. Bd7 e3+ 55. Ke1 d3 56. Bg4 d2+ 57.
Kf1 d1=Q+ 58. Bxd1 Nxd1 59. Ke2 Nc3+ 60. Kxe3 Ke5 61. g4 Nd5+ 62. Nxd5 Kxd5 63. Kf4 c3 64. Kg5 c2 65. Kxg6 c1=Q 0-1

[Event "*** SCC Grand Prix: Titled Tuesday Blitz"]
[Site "Chess.com"]
[Date "2020.10.13"]
[Round "4"]
[White "elisak43"]
[Black "vovachesss"]
[Result "0-1"]
[WhiteElo "2510"]
[BlackElo "2679"]
[TimeControl "180+1"]
[EndTime "10:39:15 PDT"]
[Termination "vovachesss won on time"]

1. Nf3 Nc6 2. d4 d6 3. c4 g6 4. d5 Ne5 5. Nxe5 dxe5 6. e4 Bg7 7.
Nc3 Nf6 8. f3 O-O 9. Be3 e6 10.
Rc1 exd5 11. cxd5 a6 12. Be2 Ne8 13. O-O Nd6 14. Na4 b6 15. b3 Bd7 16. Nb2 f5 17. Qc2 Ra7 18. Nc4 Qe7 19. a4 f4 20.
Bf2 a5 21. Nxa5 Rxa5 22. Qxc7 Raa8 23. Rc6 Nc8 24. Rc2 Ra7 25. Qb8 Ra5 26. Bxb6 Nxb6 27. Qxb6 Raa8 28. Rc7 Rfb8 29. Qe6+ Qxe6 30. dxe6 Bxe6 31.
Bc4 Bxc4 32. bxc4 Rxa4 33. Rd1 Bf8 0-1

[Event "*** SCC Grand Prix: Titled Tuesday Blitz"]
[Site "Chess.com"]
[Date "2020.10.13"]
[Round "4"]
[White "Kotofeyca"]
[Black "Ranindu2003"]
[Result "0-1"]
[WhiteElo "2353"]
[BlackElo "2613"]
[TimeControl "180+1"]
[EndTime "10:39:15 PDT"]
[Termination "Ranindu2003 won by resignation"]

1. d4 Nf6 2. c4 e6 3. Nf3 d5 4. Nc3 dxc4 5. e4 Bb4 6. e5 Nd5 7. Bd2 c5 8. Bxc4 cxd4 9. Nxd5 Bxd2+ 10. Qxd2 exd5 11. Bb5+ Bd7 12. Nxd4 O-O 13. O-O Re8 14. Rfe1 Qb6 15. Bxd7 Nxd7 16. f4 Nc5 17. Kh1 Ne4 18.
Rxe4 dxe4 19. Re1 Red8 20. Rxe4 Rac8 21. b3 Rd5 22. Qe3 Rcd8 23. Nf3 Rd1+ 24. Ne1 Qxe3 25. Rxe3 R8d3 26. Re4 Rd4 27. Re2 Rxf4 28. Kg1 g6 29.
h3 h5 30. e6 fxe6 31. Rxe6 Kf7 32. Re3 Rf6 33. Kh2 Rd2 34. Nd3 Rxa2 35. Ne5+ Kg7 36. Nd7 Rff2 37. Rg3 Rae2 38. h4 b5 39. Kh3 b4 40. Nc5 Rc2 41. Ne6+ Kf6 42. Nd4 Rc3 43. Nf3 Rxb3 44. Rg5 Rbxf3+ 45. gxf3 Rxf3+ 46. Kg2 Rf5 47. Rg3 a5 48. Rd3 Rb5 0-1